 Dungeon Crawl Stone Soup version 0.30-a0-390-g80c34de65d (webtiles) character file.

Game seed: 10411356972042729813

1266 SmokeWeed the Covert (level 8, -4/40 HPs)
             Began as a Spriggan Delver on Dec 4, 2022.
             Was an Initiate of Dithmenos.
             Slain by a hornet (12 damage)
             ... on level 7 of the Dungeon.
             The game lasted 00:24:44 (5891 turns).

SmokeWeed the Covert (Spriggan Delver)              Turns: 5891, Time: 00:24:45

Health: -4/40      AC:  3    Str:  8    XL:     8   Next: 27%
Magic:  14/14      EV: 19    Int: 12    God:    Dithmenos [......]
Gold:   509        SH:  0    Dex: 18    Spells: 6/14 levels left

rFire   . . .      SeeInvis +    q - +2 rapier (elec)
rCold   . . .      Faith    .    (no shield)
rNeg    + . .      Spirit   .    b - +1 robe
rPois   .          Reflect  .    (helmet restricted)
rElec   .          Harm     .    (no cloak)
rCorr   .          Rampage  .    (gloves unavailable)
Will    +....                    (boots unavailable)
Stlth   +++++.....               o - amulet of magic regeneration
HPRegen 0.26/turn                m - ring of flight
MPRegen 0.54/turn                t - ring of positive energy

@: flying, slowed, quick
A: very small, no large weapons, unfitting armour, see invisible, speed 3
a: Renounce Religion


You were on level 7 of the Dungeon.
You worshipped Dithmenos.
Dithmenos was noncommittal.
You visited 1 branch of the dungeon, and saw 7 of its levels.

You collected 509 gold pieces.

Inventory:

Hand Weapons
 a - a +0 short sword
 h - a +3 short sword of venom
 q - a +2 rapier of electrocution (weapon)
 r - a +1 whip of draining
 y - a +2 dagger of flaming
 B - a +0 vampiric dagger
Missiles
 k - 2 silver boomerangs
 F - 2 poisoned darts (quivered)
Armour
 b - a +1 robe (worn)
Magical Staves
 D - a staff of death
Jewellery
 m - a ring of flight (left hand)
 o - an amulet of magic regeneration (around neck)
 t - a ring of positive energy (right hand)
 v - a ring of resist corrosion
 w - a ring of willpower
Wands
 g - a wand of digging (3)
 n - a wand of quicksilver (6)
 G - a wand of charming (3)
Scrolls
 c - a scroll of fog
 d - a scroll of magic mapping
 e - 3 scrolls of fear
 j - a scroll of teleportation
 l - a scroll of vulnerability
 C - 2 scrolls of identify
Potions
 f - a potion of brilliance {unknown}
 i - 2 potions of attraction
 p - 3 potions of heal wounds
 s - 3 potions of magic
 u - a potion of cancellation
 x - 2 potions of mutation {unknown}
 z - 2 potions of curing {unknown}
 A - a potion of flight {unknown}
 E - a potion of degeneration {unknown}


   Skills:
 + Level 3.1 Fighting
 + Level 5.2 Short Blades
 + Level 0.1 Throwing
 * Level 4.8 Dodging
 * Level 12.3 Stealth
 * Level 3.6 Spellcasting
 * Level 3.8 Hexes


You had 6 spell levels left.
You knew the following spells:

 Your Spells              Type           Power      Damage    Failure   Level
a - Confusing Touch       Hex            11%        N/A       14%         3
b - Ensorcelled Hibernat  Hex/Ice        12%        N/A       16%         2
c - Swiftness             Air            2%         N/A       56%         3

Your spell library contained the following spells:

 Spells                   Type           Power      Damage    Failure   Level
 Beastly Appendage        Tmut           4%         N/A       22%         1
 Kiss of Death            Conj/Necr      8%         2d6       22%         1
 Call Imp                 Summ           2%         N/A       34%         2
 Passwall                 Tmut/Erth      1%         N/A       34%         2
 Wereblood                Tmut           2%         N/A       34%         2
 Frozen Ramparts          Ice            4%         1d1       56%         3
 Gell's Gravitas          Tloc           2%         N/A       56%         3
 Lesser Beckoning         Tloc           4%         N/A       56%         3
 Spider Form              Tmut/Pois      2%         N/A       56%         3
 Teleport Other           Tloc           2%         N/A       56%         3
 Dispel Undead            Necr           2%         3d7       92%         4
 Ice Form                 Ice/Tmut       2%         N/A       92%         4
 Summon Ice Beast         Ice/Summ       2%         N/A       92%         4
 Dispersal                Tloc           1%         N/A       100%        6


Dungeon Overview and Level Annotations

Branches:
Dungeon (7/15)             Temple (0/1) D:6

Altars:
Dithmenos
Gozag
Kikubaaqudgha
Nemelex Xobeh
Okawaru
Qazlal
Sif Muna
Trog
Yredelemnul

Shops:
D:3 !*((   D:6 !


Innate Abilities, Weirdness & Mutations

You are very small and have problems with some larger weapons.
You are too small for most types of armour.
You have supernaturally acute eyesight. (SInv)
You cover ground extremely quickly. (Speed+++)


Message History

There is an open door here.
There is a stone staircase leading down here.
You reach down and open the door.
There is an open door here.
You now have 507 gold pieces (gained 8).
You reach down and open the door.
There is an open door here.
You reach down and open the door.
Found a scroll of immolation.
There is an open door here.
You reach down and open the door.
There is an open door here.
You now have 509 gold pieces (gained 2).
You reach down and open the door.
There is an open door here.
You reach down and open the door.
A hornet comes into view.
Found a scroll of brand weapon.
There is an open door here.
You barely miss the hornet. The hornet stings you!
You suddenly lose the ability to move!
The hornet stings you but does no damage.
The hornet stings you!
You feel yourself slow down. The hornet stings you.
You feel as though you will be slow longer.
You can move again.
You hit the hornet but do no damage. The hornet barely misses you.
The hornet completely misses you.
You closely miss the hornet. The hornet stings you!
You feel as though you will be slow longer.
The hornet misses you.
You miss the hornet. The hornet stings you.
* * * LOW HITPOINT WARNING * * *
You feel as though you will be slow longer.
The hornet misses you. The hornet stings you.
* * * LOW HITPOINT WARNING * * *
You feel as though you will be slow longer.
There is an open door here.
The hornet attacks as you move away! The hornet stings you!
You die...

#...#......
#...#...?..
#...'......
##...#......
#....# .....
####'#######
#.....+ # #...y.#
#.########@##
##...#..###.###
..............#
..............+ ..
..#..........?#...
..######'######...
.................
.................
.................


You could see a hornet.

Vanquished Creatures
  Grinder (D:3)
  Menkaure (D:4)
  An orc warrior (D:4)
  An ice beast (D:6)
  A phantom (D:6)
  A scorpion (D:6)
  2 hounds (D:5)
  A gnoll bouda (D:5)
  2 jellies (D:5)
  3 iguanas
  5 orc wizards
  8 gnolls
  6 adders
  2 white imps
  An ufetubus (D:4)
  3 dart slugs
  19 orcs
  6 endoplasms
  8 giant cockroaches
  8 goblins
  2 hobgoblins
  3 jackals (D:4)
  4 quokkas
  9 ball pythons
  3 bats (D:2)
  2 frilled lizards
  12 kobolds
  4 rats
119 creatures vanquished.

Notes
Turn   | Place    | Note
-------+----------+-------------------------------------------
     0 | D:5      | SmokeWeed the Spriggan Delver began the quest for the Orb.
     0 | D:5      | Reached XP level 1. HP: 11/11 MP: 2/2
    11 | D:5      | Found a sparkling altar of Nemelex Xobeh.
   166 | D:3      | Noticed an orc wizard
   168 | D:3      | Found Koc Feic's Weapon Shop.
   233 | D:1      | Found a faded altar of an unknown god.
   322 | D:1      | Reached XP level 2. HP: 16/16 MP: 3/3
   533 | D:1      | Reached skill level 8 in Stealth
  1303 | D:2      | Reached XP level 3. HP: 19/19 MP: 4/4
  1843 | D:2      | Reached XP level 4. HP: 23/23 MP: 5/5
  2355 | D:3      | Reached skill level 9 in Stealth
  2536 | D:3      | Identified the +1 pair of gloves of the Beginning {rN+
                  | Dex+5}
  2564 | D:3      | Learned a level 3 spell: Confusing Touch
  2860 | D:3      | Noticed Grinder
  2880 | D:3      | Found an opulent altar of Gozag.
  2900 | D:3      | Paralysed by Grinder for 2 turns
  2922 | D:3      | Killed Grinder
  2923 | D:3      | Reached skill level 10 in Stealth
  2923 | D:3      | Reached skill level 1 in Spellcasting
  2923 | D:3      | Reached skill level 1 in Hexes
  2923 | D:3      | Reached XP level 5. HP: 12/27 MP: 5/8
  2923 | D:3      | Reached XP level 6. HP: 14/32 MP: 5/9
  3043 | D:3      | Found a stormy altar of Qazlal.
  3121 | D:3      | Found Ziysuk's Assorted Antiques.
  3130 | D:3      | Found Ockupec's Distillery.
  3149 | D:3      | Found Rioture's Weapon Shop.
  3575 | D:4      | Learned a level 2 spell: Ensorcelled Hibernation
  3579 | D:4      | Learned a level 3 spell: Swiftness
  3582 | D:4      | Noticed Menkaure
  3589 | D:4      | Killed Menkaure
  3590 | D:4      | Reached XP level 7. HP: 11/35 MP: 11/11
  4094 | D:4      | Found a bloodstained altar of Trog.
  4101 | D:4      | Reached skill level 11 in Stealth
  4109 | D:4      | Found a shimmering blue altar of Sif Muna.
  4115 | D:4      | Got Sif Muna's Compendium of Generation
  4269 | D:5      | Found a basalt altar of Yredelemnul.
  4644 | D:5      | Found an iron altar of Okawaru.
  5080 | D:6      | Found a shadowy altar of Dithmenos.
  5088 | D:6      | Became a worshipper of Dithmenos the Shadowed
  5145 | D:6      | Reached skill level 5 in Short Blades
  5145 | D:6      | Reached XP level 8. HP: 40/40 MP: 12/14
  5229 | D:6      | Reached skill level 12 in Stealth
  5281 | D:6      | Found Ylakkys's Distillery.
  5408 | D:6      | Found a staircase to the Ecumenical Temple.
  5692 | D:7      | Found an ancient bone altar of Kikubaaqudgha.
  5878 | D:7      | Noticed a hornet
  5883 | D:7      | Paralysed by a hornet for 2 turns
  5891 | D:7      | Slain by a hornet

Illustrated notes

Levels and vault maps discovered:
D:1:      erik_arrival_triangle_medium, layout_basic,
          hellmonk_ecumenical_altar_crossroads
D:2:      minmay_skewed_foursquare, layout_loops_corners
D:3:      kennysheep_six_static_rooms, layout_rooms,
          lemuel_coloured_pillars_altar, marbit_many_paths, serial_shops,
          nicolae_shop_behind_doors, nicolae_shop_behind_doors,
          nicolae_shop_window_shopping, shop, serial_rivers,
          chequers_serial_rivers_small_3, chequers_serial_rivers_small_3,
          chequers_serial_rivers_room_b, chequers_serial_rivers_large_b,
          uniq_grinder
D:4:      layout_gridville, nzn_overflow_gifts_of_might_and_magic,
          portal_sewer_entry_b, minmay_checkerbox, uniq_menkaure
D:5:      layout_basic, mainiacjoe_overflow_brackets,
          nemelex_xobeh_ov_fountains_minmay, mainiacjoe_overflow_alcove_2,
          minmay_misc_feat_plants, hex_tiny
D:6:      layout_cave_pools, nicolae_dithmenos_the_darkroom,
          minmay_temple_entry_metal_lava, serial_shops, shop, minivault_22
D:7:      layout_gridville, mainiacjoe_overflow_paths

Skill      XL: |  1  2  3  4  5  6  7  8 |
---------------+-------------------------+-----
Stealth        | 8 10 11 12 | 12.3
Dodging        | 3 4 |  4.8
Short Blades   | 3 4 5 |  5.2
Spellcasting   | 1 2 3 |  3.6
Hexes          | 1 2 3 |  3.8
Fighting       | 3 |  3.1
Throwing       | |  0.1

Action                   |  1- 3 |  4- 6 |  7- 9 || total
-------------------------+-------+-------+-------++-------
Melee: Short sword       |    95 |       |       ||    95
       Rapier            |    11 |   114 |    81 ||   206
       Punch             |     1 |     2 |     1 ||     4
Throw: Dart              |       |       |     4 ||     4
  Use: Scroll            |       |     8 |     7 ||    15
       Potion            |       |     2 |       ||     2
 Stab: Sleeping          |    15 |    12 |    14 ||    41
       Distracted        |     1 |       |     1 ||     2
Armor: Robe              |    11 |     7 |     3 ||    21
Dodge: Dodged            |    93 |    71 |    46 ||   210

Table legend: (Time is in decaauts)
 A = Elapsed time spent in this place.
 B = Non-inter-level travel time spent in this place.
 C = Inter-level travel time spent in this place.
 D = Time resting spent in this place.
 E = Time spent auto-exploring this place.
 F = Levels seen in this place.
 G = Mean time per level.
                   A        B        C        D        E       F      G
               +--------+--------+--------+--------+--------+-----+--------+
         Total |   4007 |   3861 |    146 |    171 |   2815 |   7 |  572.4 |
       Dungeon |   4007 |   3861 |    146 |    171 |   2815 |   7 |  572.4 |
               +--------+--------+--------+--------+--------+-----+--------+

Top non-repeatable levels by time:
     D:3: 779 daAuts
     D:4: 728 daAuts
     D:2: 686 daAuts
     D:1: 651 daAuts
     D:5: 606 daAuts
     D:6: 413 daAuts
     D:7: 142 daAuts
